 Dungeon Crawl Stone Soup version 0.30-a0-847-g17996783a1 (webtiles) character file.

Game seed: 14573210646666816317

21 domi the Conjurer (level 2, -2/19 HPs)
             Began as a Demonspawn Conjurer on Mar 3, 2023.
             Slain by a goblin
             ... wielding a +0 club
             ... led by Robin
              (4 damage)
             ... on level 2 of the Dungeon.
             The game lasted 00:01:01 (1441 turns).

domi the Conjurer (Demonspawn Conjurer)             Turns: 1441, Time: 00:01:01

Health: -2/19      AC:  2    Str:  7    XL:     2   Next: 62%
Magic:  0/5        EV: 12    Int: 19    God:
Gold:   50         SH:  0    Dex: 11    Spells: 4/5 levels left

rFire   . . .      SeeInvis .    (no weapon)
rCold   . . .      Faith    .    (no shield)
rNeg    . . .      Spirit   .    a - +0 robe
rPois   .          Reflect  .    (no helmet)
rElec   .          Rampage  .    (no cloak)
rCorr   .                        (no gloves)
Will    .....                    (no boots)
Stlth   ++                       (no amulet)
HPRegen 0.23/turn                (no ring)
MPRegen 0.09/turn                (no ring)

@: hasted, very quick
A: demonic touch 1
a: no special abilities


You were on level 2 of the Dungeon.
You visited 1 branch of the dungeon, and saw 2 of its levels.

You collected 50 gold pieces.

Inventory:

Missiles
 b - 5 poisoned darts
Armour
 a - a +0 robe (worn)
Scrolls
 d - 2 scrolls of immolation {unknown}
 e - a scroll of teleportation {unknown}
 g - a scroll of identify {unknown}
Potions
 c - a potion of heal wounds {unknown}
 f - a potion of flight {unknown}


   Skills:
 - Level 1.7 Dodging
 - Level 1.7 Stealth
 - Level 2.0 Spellcasting
 + Level 4.8 Conjurations


You had 4 spell levels left.
You knew the following spells:

 Your Spells              Type           Power      Damage    Failure   Level
z - Magic Dart            Conj           80%        1d7       2%          1

Your spell library contained the following spells:

 Spells                   Type           Power      Damage    Failure   Level
 Searing Ray              Conj           40%        2d5       3%          2
 Dazzling Flash           Conj/Hex       22%        N/A       19%         3
 Fulminant Prism          Conj/Hex       5%         3d6       54%         4
 Iskenderun's Mystic Bla  Conj/Tloc      11%        2d4       54%         4


Dungeon Overview and Level Annotations

Branches:
Dungeon (2/15)

Altars:
Trog

Annotations:
D:2 Robin


Innate Abilities, Weirdness & Mutations

Your touch may inflict minor irresistible damage on your foes.


Message History

There is a stone staircase leading up here.
Found a stone staircase leading down.
A hobgoblin comes into view.
A hobgoblin is nearby!
Aim: a hobgoblin (asleep, 100% to hit)
The magic dart hits the hobgoblin.
The hobgoblin shouts!
Aim: a hobgoblin (heavily wounded, 100% to hit)
The magic dart hits the hobgoblin.
Aim: a hobgoblin (severely wounded, 100% to hit)
The magic dart hits the hobgoblin.
Aim: a hobgoblin (almost dead, 100% to hit)
The magic dart hits the hobgoblin but does no damage.
The hobgoblin barely misses you.
A hobgoblin is nearby!
A hobgoblin is nearby!
Aim: a hobgoblin (almost dead, 100% to hit)
The magic dart hits the hobgoblin but does no damage.
The hobgoblin barely misses you.
You barely miss the hobgoblin.
You touch the hobgoblin.
You kill the hobgoblin!
You start resting.
A quokka comes into view.
A quokka is nearby!
A quokka is nearby!
A quokka is nearby!
Aim: a quokka (asleep, 100% to hit)
The magic dart hits the quokka.
Aim: a quokka (lightly wounded, 100% to hit)
The magic dart hits the quokka.
The quokka completely misses you. The quokka bites you.
Aim: a quokka (heavily wounded, 100% to hit)
The magic dart hits the quokka.
You kill the quokka!
You can't see any susceptible monsters within range! (Use Z to cast anyway.)
A hobgoblin comes into view.
A hobgoblin is nearby!
A hobgoblin is nearby!
A hobgoblin is nearby!
Aim: a hobgoblin (100% to hit)
The magic dart hits the hobgoblin.
Aim: a hobgoblin (severely wounded, 100% to hit)
The magic dart hits the hobgoblin but does no damage.
Aim: a hobgoblin (severely wounded, 100% to hit)
The magic dart hits the hobgoblin.
Aim: a hobgoblin (almost dead, 100% to hit)
The magic dart hits the hobgoblin.
You kill the hobgoblin!
You can't see any susceptible monsters within range! (Use Z to cast anyway.)
A goblin comes into view. It is wielding a +0 dagger.
A goblin is nearby!
A goblin is nearby!
A goblin is nearby!
Aim: a goblin, wielding a +0 dagger (asleep, 100% to hit)
The magic dart hits the goblin.
You kill the goblin!
A goblin comes into view.
It is wielding a +1 dagger of protection.
Aim: a goblin, wielding a +1 dagger of protection (wandering, hasn't noticed you, 100% to hit)
The magic dart hits the goblin.
You kill the goblin!
You can't see any susceptible monsters within range! (Use Z to cast anyway.)
You can't see any susceptible monsters within range! (Use Z to cast anyway.) Robin and a goblin come into view.
Robin shouts!
You hear a shout!
A goblin comes into view. It is wielding a +0 club.
Aim: Robin, wielding a +0 mace, wearing a +0 animal skin and wearing a +1 helmet (100% to hit)
The magic dart hits Robin.
The goblin shouts! x2; You hear a shout! x2
A goblin comes into view. It is wielding a +0 club.
Robin throws the goblin at you!
The goblin unwields a +0 club.
The goblin wields a +0 sling.
The goblin shoots a sling bullet.
The sling bullet closely misses you.
The goblin shouts!
Aim: Robin, wielding a +0 mace, wearing a +0 animal skin and wearing a +1 helmet (moderately wounded, 100% to hit)
The magic dart hits the goblin.
A hobgoblin comes into view.
The goblin misses you.
Robin roars a battlecry!
The goblins go into a battle-frenzy!
You hit the goblin.
The goblin shoots a sling bullet.
The sling bullet barely misses you. The goblin hits you with a +0 club.
Aim: a goblin, wielding a +0 club (heavily wounded, strong, 100% to hit)
The magic dart hits the goblin.
You kill the goblin!
A goblin comes into view. It is wielding a +0 club.
Robin throws the goblin at you!
A goblin comes into view. It is wielding a +0 club.
Aim: a goblin, wielding a +0 sling (strong, 100% to hit)
The magic dart hits the goblin.
The goblin unwields a +0 sling.
The goblin wields a +0 club.
The goblin hits you with a +0 club.
A hobgoblin comes into view.
Aim: a goblin, wielding a +0 club (moderately wounded, strong, 100% to hit)
The magic dart hits the goblin.
The goblin hits you with a +0 club.
* * * LOW HITPOINT WARNING * * *
The goblin hits you with a +0 club.
* * * LOW HITPOINT WARNING * * *
A goblin comes into view. It is wielding a +0 club.
It was a potion of haste.
You feel yourself speed up. The goblin hits you with a +0 club.
You die...

#.###.....##
#.###......###.
#......_.......
#.##......#####
#......#
####..#########
##.#####..#........
.)........#.#########
##.######...g@g.ggg.g
.......##.####..gg.
#.####. #.# ### #.
#.# .. ... ## ###


You could see Robin, 2 hobgoblins and 5 goblins.

Vanquished Creatures
  2 ball pythons (D:1)
  An endoplasm (D:1)
  4 goblins
  3 hobgoblins
  2 kobolds (D:1)
  2 quokkas
  2 bats (D:1)
  2 frilled lizards (D:1)
18 creatures vanquished.

Notes
Turn   | Place    | Note
-------+----------+-------------------------------------------
     0 | D:1      | domi the Demonspawn Conjurer began the quest for the Orb.
     0 | D:1      | Reached XP level 1. HP: 13/13 MP: 3/3
    76 | D:1      | HP: 3/13 [endoplasm (2)]
   323 | D:1      | Gained mutation: Your touch may inflict minor irresistible
                  | damage on your foes. [demonic ancestry]
   323 | D:1      | Reached XP level 2. HP: 19/19 MP: 0/5
  1242 | D:2      | Found a bloodstained altar of Trog.
  1434 | D:2      | Noticed Robin
  1440 | D:2      | HP: 2/19 [goblin/+0 club[Robin] (3)]
  1441 | D:2      | Slain by a goblin

Illustrated notes

Levels and vault maps discovered:
D:1:      erik_arrival_cave_to_civilisation [erik_arrival_cave_to_hall],
          layout_basic, roderic_nine_men_s_morris, minmay_fountain_box
D:2:      minmay_roachtagon, layout_loops_ring, basic_altar,
          minmay_fractal_squares_5, uniq_terence, uniq_robin

Action                     || total
---------------------------++-------
  Melee: Unarmed           ||     8
         Touch             ||     1
   Cast: Magic Dart        ||    42
    Use: Potion            ||     2
 Armour: Robe              ||     1
  Dodge: Dodged            ||    12

Table legend: (Time is in decaauts)
 A = Elapsed time spent in this place.
 B = Non-inter-level travel time spent in this place.
 C = Inter-level travel time spent in this place.
 D = Time resting spent in this place.
 E = Time spent auto-exploring this place.
 F = Levels seen in this place.
 G = Mean time per level.
                   A        B        C        D        E       F      G
               +--------+--------+--------+--------+--------+-----+--------+
         Total |   1440 |   1402 |     38 |     96 |   1221 |   2 |  720.0 |
       Dungeon |   1440 |   1402 |     38 |     96 |   1221 |   2 |  720.0 |
               +--------+--------+--------+--------+--------+-----+--------+

Top non-repeatable levels by time:
     D:1: 1242 daAuts
     D:2: 198 daAuts

Table legend:
 A = Kills in this place as a percentage of kills in the entire game.
 B = Kills by you in this place as a percentage of kills by you in the entire game.
 C = Kills by friends in this place as a percentage of kills by friends in the entire game.
 D = Other kills in this place as a percentage of other kills in the entire game.
 E = Experience gained in this place as a percentage of experience gained in the entire game.
 F = Experience gained in this place divided by the number of levels of this place that you have seen.
                   A       B       C       D       E      F
               +-------+-------+-------+-------+-------+----------------------
         Total | 100.0 | 100.0 |   N/A |   N/A | 100.0 |  15.0
       Dungeon | 100.0 | 100.0 |   N/A |   N/A | 100.0 |  15.0
               +-------+-------+-------+-------+-------+----------------------
